 Dungeon Crawl Stone Soup version 0.21.0-24-g2553a3340b (webtiles) character file.

238348 Rrauwl the Sensei (level 20, -2/170 HPs)
             Began as a Merfolk Monk on Jan 21, 2018.
             Was a High Priest of Nemelex Xobeh.
             Slain by a nagaraja
             ... wielding a +0 spear
              (12 damage)
             ... on level 2 of the Snake Pit on Jan 22, 2018.
             The game lasted 05:01:19 (36427 turns).

Rrauwl the Sensei (Merfolk Monk)                   Turns: 36427, Time: 05:01:19

Health: -2/170     AC: 20    Str: 20    XL:     20   Next: 10%
Magic:  24/24      EV: 23    Int: 21    God:    Nemelex Xobeh [*****.]
Gold:   2551       SH:  3    Dex: 16    Spells: 21/23 levels left

rFire    . . .     SeeInvis +     - Unarmed
rCold    . . .     Gourm    .   (no shield)
rNeg     + + +     Faith    .   B - +4 troll leather armour
rPois    +         Spirit   .   (helmet restricted)
rElec    .         Reflect  +   J - +2 cloak
rCorr    .         Harm     .   C - +2 pair of gloves "Cokh" {Str+3}
MR       ++...                  w - +2 pair of boots
Stlth    ++........             p - amulet of the Assorted Lies {Reflect +Fly SH+3 SInv}
HPRegen  0.78/turn              y - ring of poison resistance
MPRegen  0.19/turn              a - ring of Nackapp {rN+++ MR+ Str+3 Int+4 Dex-3}

@: lethally poisoned (-2 -> -3), constricted
A: change form in water, swift swim, stealthy swim, horns 2, icy blue scales 1,
agile 1, clever 1, low mp 1
a: Triple Draw, Deal Four, Stack Five, Renounce Religion, Evoke Flight


You were on level 2 of the Snake Pit.
You worshipped Nemelex Xobeh.
Nemelex Xobeh was extremely pleased with you.
You were not hungry.

You visited 7 branches of the dungeon, and saw 32 of its levels.
You also visited: Ice Cave.

You collected 3946 gold pieces.
You spent 1395 gold pieces at shops.

Inventory:

Hand Weapons
 b - a +2 hunting sling of flaming
Missiles
 c - 97 sling bullets
Armour
 w - a +2 pair of boots (worn)
 B - a +4 troll leather armour (worn)
 C - the +2 pair of gloves "Cokh" (worn) {Str+3}
   (You bought it in a shop on level 10 of the Dungeon)

   It affects your strength (+3).
 J - a +2 cloak (worn)
Jewellery
 a - the ring of Nackapp (right hand) {rN+++ MR+ Str+3 Int+4 Dex-3}
   (You found it on level 1 of the Depths)

   [ring of protection from magic]

   It affects your strength (+3).
   It affects your intelligence (+4).
   It affects your dexterity (-3).
   It renders you almost immune to negative energy.
   It affects your resistance to hostile enchantments.
 g - an uncursed ring of protection from magic
 p - the amulet of the Assorted Lies (around neck) {Reflect +Fly SH+3 SInv}
   (You found it on level 13 of the Dungeon)

   [amulet of reflection]

   It shields you and reflects attacks.
   It lets you see invisible.
   It lets you fly.
   It affects your SH (+3).
 q - an uncursed ring of protection from fire
 y - a ring of poison resistance (left hand)
 A - a cursed ring of resist corrosion
Wands
 d - a wand of iceblast (14)
 o - a wand of paralysis (13)
 s - a wand of flame (41)
 H - a wand of disintegration (14)
 W - a wand of digging (7)
 X - a wand of polymorph (16)
Scrolls
 f - a scroll of immolation
 i - 5 scrolls of identify
 k - a scroll of enchant armour
 z - a scroll of fear
 F - 4 scrolls of remove curse
 L - 7 scrolls of teleportation
 Q - 2 scrolls of magic mapping
Potions
 j - 3 potions of curing
 r - a potion of invisibility
 u - a potion of cancellation {unknown}
 v - a potion of lignification
 D - 2 potions of agility
 T - 3 potions of flight
 V - 3 potions of might
Books
 l - the Incunabulum of Entrancing Stolen Souls
   (You found it on level 1 of the Snake Pit)

   Spells                             Type                      Level
   a - Slow                           Hexes                        2
   b - Corpse Rot                     Necromancy                   2
   c - Dazzling Spray                 Conjuration/Hexes            3
   d - Vampiric Draining              Necromancy                   3
   e - Borgnjor's Vile Clutch         Necromancy/Earth             5
   f - Dispel Undead                  Necromancy                   5
Miscellaneous
 h - a legendary deck of escape
 m - a fan of gales
 t - a legendary deck of escape
 x - a crystal ball of energy
 K - a sack of spiders
 N - a lightning rod (4/4)
 R - an ornate deck of escape {the Tomb, left: 4}
 Z - a box of beasts
Comestibles
 e - 53 rations


   Skills:
 - Level 18.0 Fighting
 - Level 6.0 Armour
 - Level 18.0 Dodging
 - Level 2.1 Stealth
 + Level 23.9 Unarmed Combat
 - Level 2.0 Spellcasting
 - Level 1.0 Summonings
 - Level 1.0 Translocations
 - Level 10.0 Invocations
 - Level 8.0 Evocations


You had 21 spell levels left.
You knew the following spells:

 Your Spells              Type           Power        Failure   Level  Hunger
a - Apportation           Tloc           #.....       11%         1    #......
b - Summon Butterflies    Summ           #.......     11%         1    #......


Dungeon Overview and Level Annotations

Branches:
Dungeon (15/15)            Temple (1/1) D:7            Lair (6/6) D:11
  Swamp (0/4) Lair:3        Snake (3/4) Lair:2        Slime (0/5) Lair:5
    Orc (2/2) D:11            Elf (3/3) Orc:2        Vaults (0/5) D:14
 Depths (2/5) D:15

Altars:
Ashenzari
Cheibriados
Dithmenos
Elyvilon
Fedhas
Gozag
Hepliaklqana
Kikubaaqudgha
Makhleb
Nemelex Xobeh
Okawaru
Qazlal
Ru
Sif Muna
Trog
Uskayaw
Vehumet
Wu Jian
Xom
Yredelemnul
Zin
The Shining One
Beogh
Jiyva

Shops:
D:10 !:*[   D:11 [   D:13 ?   D:15 *   Orc:2 %!}(   Elf:1 :   Elf:2 }
Depths:1 =}=

Portals:
Hell: Depths:1 Depths:2
Pandemonium: Orc:2

Annotations:
D:5 jpmcintyre's ghost, amateur MiGl
D:6 2 transporters
Lair:2 exclusion: 2 oklob plants


Innate Abilities, Weirdness & Mutations

You revert to your normal form in water.
You are very nimble and swift while swimming.
You are very stealthy in the water. (Stealth+)
You have a pair of horns on your head.
You are partially covered in icy blue scales. (AC +2)
You are agile. (Dex +2)
Your mind is acute. (Int +2)
Your magical capacity is low. (-10% MP)


Message History

The nagaraja hits you but does no damage.
* * * LOW HITPOINT WARNING * * *
The nagaraja constricts you.
You pummel the nagaraja!! Your headbutt misses the nagaraja.
The nagaraja is severely wounded.
You feel sick. The naga mage hits you with a spear.
* * * LOW HITPOINT WARNING * * *
The nagaraja hits you with a spear!!
* * * LOW HITPOINT WARNING * * *
Unknown command.
As you read the scroll of fear, it crumbles to dust.
You assume a fearsome visage.
The naga mage looks frightened!
The nagaraja easily resists.
The nagaraja resists with almost no effort.
The nagaraja points at you and mumbles some strange words.
You resist with almost no effort.
* * * LOW HITPOINT WARNING * * *
The nagaraja constricts you. The nagaraja hits you with a spear!
You die...
Your body disappears without a glow.

####.####...## #.# #.## #
#..........## ### #..#
.......###.# #.###### .......#
#.# #####...# .......###.#
####.##..... ........##.######
#..#.##..... .........#......#
###......... ...........#...N##
##......... .......<...#...N@#
#.......... .(......##.#...[N##
#.....##### .......###........#
##.....##### .......# ##......##
##........... .#.....#
##>.....###............ ###....##
#.....##.....<........ # ####..##
##.#....[............. #
#...###.....).....###.......
######.###...###...)...##........


You could see 2 nagarajas and a naga mage (fleeing).

Vanquished Creatures
  Asterion (Elf:1)
  3 deep elf master archers (Elf:3)
  2 deep elf blademasters (Elf:3)
  Agnes (D:15)
  Roxanne (D:14)
  Donald (Snake:1)
  A fire giant (Depths:1)
  4 nagarajas
  Louise (D:15)
  7 deep elf sorcerers
  An orc warlord (Elf:1)
  A frost giant (Depths:2)
  The ghost of 1player the Impaler, a journeyman MiBe of Trog (Orc:1)
  A caustic shrike skeleton (Depths:2)
  A stone giant (Orc:1)
  6 deep elf elementalists (Elf:3)
  6 deep elf demonologists
  7 deep elf annihilators
  3 ettins
  3 deep elf death magi
  4 great orbs of eyes (Depths:2)
  5 deep elf high priests (Elf:3)
  Fannar (Lair:1)
  A vault guard (D:14)
  4 ogre magi
  2 ice dragons
  8 anacondas
  2 catoblepae (Lair:5)
  10 hydras
  6 naga warriors
  A death knight (D:11)
  6 centaur warriors
  10 two-headed ogres
  23 dancing weapons
  2 deep troll earth magi
  8 death yaks (Lair:5)
  A deep troll shaman (Depths:1)
  A spriggan berserker (Depths:2)
  3 naga sharpshooters
  2 tengu warriors
  A shock serpent (shapeshifter) (Elf:2)
  A hell knight (Depths:2)
  11 deep elf knights
  6 orc high priests (Orc:2)
  4 shock serpents
  4 sun demons
  The ghost of tensugalgo the Grappler, a novice NaFi of Cheibriados (D:7)
  4 salamander mystics
  4 skeletal warriors
  A sea snake (shapeshifter) (Elf:1)
  2 torturous demonspawn (Orc:2)
  A gelid demonspawn (Orc:2)
  A flayed ghost (Depths:2)
  9 deep trolls
  3 glowing orange brains
  3 wizards
  3 unseen horrors
  3 naga ritualists
  6 deep elf archers
  A lindwurm (Lair:5)
  A phantasmal warrior (D:11)
  60 deep elf magi
  7 orc knights
  A wolf spider (D:13)
  8 salamanders
  17 ugly things
  2 cyclopes
  10 orc sorcerers
  4 mana vipers
  10 slime creatures
  Maurice (D:11)
  A manticore (D:14)
  28 black mambas
  2 naga magi (Snake:3)
  5 centaur zombies
  A guardian serpent (Snake:3)
  12 elephants
  An orange demon (Orc:2)
  4 gargoyles
  An ice statue (IceCv)
  3 kobold demonologists
  3 spiny frogs
  3 freezing wraiths
  7 komodo dragons
  6 rime drakes
  A yaktaur (shapeshifter) (Elf:3)
  An efreet (D:15)
  A queen bee (Lair:5)
  5 trolls
  4 meliai
  A jumping spider (D:11)
  A hornet (D:11)
  10 polar bears (Lair:6)
  6 hippogriffs
  2 hornets (shapeshifter)
  2 raiju (Lair:6)
  3 blink frogs (Lair:2)
  A centaur simulacrum (D:15)
  A redback (D:14)
  3 air elementals
  A spriggan (shapeshifter) (D:15)
  5 shadows
  3 water elementals
  A vampire (D:13)
  A ynoxinul (Orc:2)
  3 hogs (Lair:6)
  30 yaks
  A wyvern (Lair:2)
  2 fire elementals
  3 basilisks
  Eustachio (D:4)
  A golden eye (D:10)
  A steam dragon (Lair:5)
  11 vampire mosquitoes
  2 hungry ghosts
  10 wargs
  6 insubstantial wisps (Lair:3)
  2 acid dragons
  10 nagas
  A soldier ant (D:12)
  15 hell hounds (Lair:6)
  12 water moccasins
  4 porcupines
  34 orc warriors
  4 eyes of draining
  14 black bears
  A sky beast (D:6)
  11 ice beasts
  2 necrophages
  2 hornet zombies
  17 wolves
  11 centaurs
  A phantom (D:7)
  4 boggarts
  14 ogres
  10 crocodiles
  A gnoll sergeant (D:10)
  2 big kobolds
  10 bullfrogs
  An earth elemental (Elf:1)
  A wyvern skeleton (D:14)
  34 killer bees (Lair:5)
  3 wights (D:7)
  An electric eel (Lair:2)
  A howler monkey (D:4)
  4 crimson imps
  A bullfrog zombie (D:6)
  4 jellies
  5 bullfrog skeletons
  27 orc priests
  4 hounds
  11 centaur skeletons
  Terence (D:3)
  4 iguanas
  Ijyb (D:3)
  16 orc wizards
  A hell rat (Lair:5)
  7 worker ants
  3 hound zombies
  Robin (D:3)
  2 howler monkey skeletons
  11 adders
  4 gnolls (D:10)
  A river rat (Lair:5)
  3 shadow imps
  3 oozes
  An adder zombie (D:6)
  3 worms
  3 dart slugs
  5 leopard geckos
  91 orcs
  7 bats
  6 giant cockroaches
  19 goblins
  8 hobgoblins
  5 jackals
  3 quokkas
  A ball python (D:3)
  5 frilled lizards
  15 kobolds
  A leopard gecko skeleton (D:7)
  2 leopard gecko zombies
  2 quokka zombies
  12 rats
  A butterfly (Lair:4)
  A fungus (Lair:5)
  6 plants
1077 creatures vanquished.

Vanquished Creatures (collateral kills)
  The ghost of Liquorice the Impaler, an adept MfGl of Gozag (Depths:1)
  Kirke (Lair:5)
  A balrug (Depths:1)
  Nessos (Lair:6)
  A deep elf death mage (Elf:3)
  An ice dragon (IceCv)
  4 two-headed ogres
  A naga warrior (Snake:1)
  An ogre mage (Depths:2)
  A deep troll earth mage (Depths:2)
  3 dancing weapons (Elf:2)
  2 deep elf knights (Elf:2)
  An iron troll (Depths:1)
  The ghost of DasRunzen the Skirmisher, a novice DsWn of Okawaru (D:8)
  A deep troll (Depths:1)
  An unseen horror (D:11)
  A naga ritualist (Snake:1)
  A torturous demonspawn (Orc:2)
  A deep elf archer (Elf:2)
  An ugly thing (D:11)
  3 deep elf magi
  An orc sorcerer (Orc:1)
  2 cyclopes
  A centaur zombie (D:11)
  A black mamba (Snake:1)
  An ice statue (IceCv)
  A centaur skeleton (D:15)
  A red devil (Orc:2)
  2 trolls
  A hornet (D:15)
  2 hogs (Lair:6)
  A tarantella (Depths:2)
  3 nagas (Snake:1)
  An acid dragon (D:15)
  5 orc warriors
  5 ice beasts (IceCv)
  An ogre (D:10)
  A centaur (D:11)
  A bullfrog (D:12)
  A howler monkey (D:11)
  A bullfrog zombie (D:10)
  4 orc priests
  3 orc wizards
  2 adders
  A shadow imp (D:11)
  11 orcs
83 creatures vanquished.

Vanquished Creatures (others)
  An orc high priest (Elf:1)
  A deep elf archer (Elf:2)
  10 orc warriors
  7 orc priests
  4 ball lightnings
  A dart slug (D:15)
  2 orcs
  6 fungi
  27 plants
59 creatures vanquished.

Grand Total: 1219 creatures vanquished

Notes
Turn   | Place    | Note
-------+----------+-------------------------------------------
     0 | D:1      | Rrauwl the Merfolk Monk began the quest for the Orb.
     0 | D:1      | Reached XP level 1. HP: 18/18 MP: 1/1
   163 | D:1      | Reached XP level 2. HP: 24/24 MP: 2/2
   522 | D:1      | Reached XP level 3. HP: 26/30 MP: 3/3
   869 | D:2      | Noticed a hippogriff
  1454 | D:2      | Found a blossoming altar of Fedhas.
  1463 | D:2      | Reached skill level 4 in Unarmed Combat
  1463 | D:2      | Reached XP level 4. HP: 36/37 MP: 4/4
  1954 | D:3      | Noticed Ijyb
  2004 | D:3      | Killed Ijyb
  2004 | D:3      | Reached skill level 5 in Dodging
  2060 | D:3      | Reached XP level 5. HP: 40/43 MP: 5/5
  2129 | D:3      | Noticed Robin
  2240 | D:3      | Noticed Terence
  2248 | D:3      | Killed Robin
  2252 | D:3      | Killed Terence
  2600 | D:3      | Reached XP level 6. HP: 17/50 MP: 6/6
  2934 | D:3      | Reached skill level 5 in Fighting
  2934 | D:3      | Reached skill level 5 in Unarmed Combat
  3531 | D:4      | Noticed Eustachio
  3566 | D:4      | Reached XP level 7. HP: 37/56 MP: 7/7
  3595 | D:4      | Killed Eustachio
  3595 | D:4      | Reached skill level 1 in Armour
  3959 | D:4      | Reached skill level 6 in Unarmed Combat
  4324 | D:5      | Entered Level 5 of the Dungeon
  4338 | D:5      | Found a snail-covered altar of Cheibriados.
  4443 | D:5      | Noticed jpmcintyre's ghost (amateur MiGl)
  5078 | D:5      | Reached XP level 8. HP: 53/62 MP: 8/8
  5509 | D:6      | Found a transporter.
  5539 | D:6      | Reached skill level 7 in Unarmed Combat
  5544 | D:6      | Found a transporter.
  6162 | D:6      | Found a stormy altar of Qazlal.
  6284 | D:7      | Noticed tensugalgo's ghost (novice NaFi)
  6877 | D:7      | Reached XP level 9. HP: 46/68 MP: 9/9
  7032 | D:7      | Found a staircase to the Ecumenical Temple.
  7038 | Temple   | Entered the Ecumenical Temple
  7650 | Temple   | Became a worshipper of Nemelex Xobeh the Trickster
  7650 | Temple   | Received a gift from Nemelex Xobeh
  7650 | Temple   | Reached * piety under Nemelex Xobeh
  7650 | Temple   | Received a gift from Nemelex Xobeh
  7650 | Temple   | Received a gift from Nemelex Xobeh
  7650 | Temple   | Reached ** piety under Nemelex Xobeh
  7845 | D:7      | Killed tensugalgo's ghost
  7845 | D:7      | Reached skill level 8 in Unarmed Combat
  7908 | D:8      | Got a slimy robe
  7912 | D:8      | Noticed DasRunzen's ghost (novice DsWn)
  7928 | D:8      | Killed DasRunzen's ghost
  7928 | D:8      | Reached skill level 10 in Dodging
  7971 | D:8      | Identified the +1 robe "Ledar" {rElec rC- MR+} (You found it on level 8 of the Dungeon)
  8016 | D:8      | Reached skill level 9 in Unarmed Combat
  8185 | D:8      | Received a gift from Nemelex Xobeh
  8344 | D:8      | Found a basalt altar of Yredelemnul.
  8632 | D:9      | Reached XP level 10. HP: 74/74 MP: 10/10
  8677 | D:9      | Reached skill level 10 in Unarmed Combat
  8842 | D:9      | Noticed a two-headed ogre
  8851 | D:9      | Killed a two-headed ogre
  8862 | D:9      | Noticed a two-headed ogre
  8868 | D:9      | Killed a two-headed ogre
  8935 | D:9      | Received a gift from Nemelex Xobeh
  9178 | D:10     | Entered Level 10 of the Dungeon
  9179 | D:10     | Found a radiant altar of Vehumet.
  9217 | D:10     | Reached skill level 11 in Unarmed Combat
  9239 | D:10     | Found a shadowy altar of Dithmenos.
  9301 | D:10     | Found Eblopha's Antique Armour Shoppe.
  9438 | D:10     | Bought a pair of translucent gloves for 313 gold pieces
  9449 | D:10     | Identified the +2 pair of gloves "Cokh" {Str+3} (You bought it in a shop on level 10 of the Dungeon)
  9517 | D:10     | Reached *** piety under Nemelex Xobeh
  9606 | D:10     | Found Cafriaku's Assorted Antiques.
  9616 | D:10     | Bought a scroll labeled OKLORU SANKOSCH for 25 gold pieces
  9616 | D:10     | Bought a white potion for 22 gold pieces
  9718 | D:10     | Found Ibrohyab's Distillery.
  9727 | D:10     | Bought a potion of mutation for 80 gold pieces
  9842 | D:10     | Found Hama's Book Shoppe.
  9890 | D:11     | Reached skill level 12 in Unarmed Combat
  9898 | D:11     | Noticed a cyan ugly thing
  9898 | D:11     | Killed an unseen horror
  9898 | D:11     | Reached XP level 11. HP: 56/84 MP: 11/11
  9915 | D:11     | Killed a cyan ugly thing
 10050 | D:11     | Noticed a two-headed ogre
 10051 | D:11     | Noticed a cyclops
 10051 | D:11     | a two-headed ogre changed into a cyclops
 10058 | D:11     | Killed a cyclops
 10058 | D:11     | Reached skill level 13 in Unarmed Combat
 10067 | D:11     | Noticed a death knight
 10077 | D:11     | Noticed a skeletal warrior
 10079 | D:11     | Noticed a phantasmal warrior
 10190 | D:11     | Found a staircase to the Orcish Mines.
 10258 | D:11     | Noticed a green ugly thing
 10298 | D:11     | Killed a green ugly thing
 10298 | D:11     | Reached skill level 1 in Invocations
 10326 | D:11     | Received a gift from Nemelex Xobeh
 10385 | D:11     | Killed a death knight
 10407 | D:11     | Noticed Maurice
 10503 | D:12     | Noticed a deep elf mage
 10518 | D:12     | Killed a deep elf mage
 10574 | D:12     | Identified Diheddos's Handbook of Plaster Cramp
 10584 | D:12     | Noticed a deep elf mage
 10608 | D:12     | Found a frozen archway.
 10615 | D:12     | Killed a deep elf mage
 10638 | IceCv    | Entered an ice cave
 11001 | IceCv    | Noticed an ice dragon
 11001 | IceCv    | Noticed an ice dragon
 11040 | IceCv    | Killed an ice dragon
 11040 | IceCv    | Reached skill level 5 in Invocations
 11184 | IceCv    | Killed an ice dragon
 11184 | IceCv    | Reached skill level 14 in Unarmed Combat
 11423 | D:12     | Reached XP level 12. HP: 91/91 MP: 15/15
 11557 | D:12     | Identified Neodia's Compendium of Axaxaxas mlö
 11570 | D:12     | Identified the Volume of Sand
 11637 | D:12     | Gained mutation: You are partially covered in iridescent scales. (AC +2) [potion of mutation]
 11637 | D:12     | Gained mutation: Your mind is acute. (Int +2) [potion of mutation]
 11637 | D:12     | Gained mutation: You are frail. (-10% HP) [potion of mutation]
 11637 | D:12     | Gained mutation: Your mind is very acute. (Int +4) [potion of mutation]
 11638 | D:12     | Lost mutation: You are partially covered in iridescent scales. (AC +2) [potion of mutation]
 11638 | D:12     | Lost mutation: Your mind is very acute. (Int +4) [potion of mutation]
 11638 | D:12     | Gained mutation: Your magical capacity is low. (-10% MP) [potion of mutation]
 11638 | D:12     | Gained mutation: You are agile. (Dex +2) [potion of mutation]
 11639 | D:12     | Lost mutation: You are agile. (Dex +2) [potion of mutation]
 11639 | D:12     | Lost mutation: Your mind is acute. (Int +2) [potion of mutation]
 11639 | D:12     | Lost mutation: You are frail. (-10% HP) [potion of mutation]
 11639 | D:12     | Gained mutation: Your muscles are strong. (Str +2) [potion of mutation]
 11639 | D:12     | Gained mutation: You have a pair of small horns on your head. [potion of mutation]
 11639 | D:12     | Gained mutation: Scrolls take you a little longer to read. [potion of mutation]
 11639 | D:12     | Gained mutation: You are partially covered in slimy green scales. (AC +2) [potion of mutation]
 11920 | D:12     | Reached skill level 15 in Unarmed Combat
 12177 | D:11     | Received a gift from Nemelex Xobeh
 12201 | D:11     | Killed Maurice
 12426 | D:11     | Found Heclua's Armour Shop.
 12443 | D:11     | Bought a +2 cloak for 231 gold pieces
 12460 | D:11     | Reached **** piety under Nemelex Xobeh
 12565 | D:11     | Found a roughly hewn altar of Beogh.
 12568 | D:11     | Got a clouded ivory amulet
 12728 | D:11     | Reached skill level 1 in Evocations
 12824 | D:11     | Found a staircase to the Lair.
 13009 | Lair:1   | Entered Level 1 of the Lair of Beasts
 13028 | Lair:1   | Received a gift from Nemelex Xobeh
 13095 | Lair:1   | Identified the amulet of Xaggamim {*Contam +Rage rC- Int+9 SInv} (You took it off an orc on level 11 of the Dungeon)
 13186 | Lair:1   | Noticed Fannar
 13198 | Lair:1   | Killed Fannar
 13276 | Lair:1   | Noticed a six-headed hydra
 13284 | Lair:1   | Killed a six-headed hydra
 13860 | Lair:2   | Reached skill level 16 in Unarmed Combat
 14003 | Lair:2   | Found a staircase to the Snake Pit.
 14017 | Lair:2   | Received a gift from Nemelex Xobeh
 14061 | Lair:2   | Reached XP level 13. HP: 96/96 MP: 16/16
 14305 | Lair:2   | Gained mutation: Scrolls take you longer to read. [mutagenic glow]
 14496 | Lair:2   | Received a gift from Nemelex Xobeh
 14672 | Lair:3   | Reached ***** piety under Nemelex Xobeh
 14993 | Lair:3   | Found a staircase to the Swamp.
 14994 | Lair:3   | Received a gift from Nemelex Xobeh
 15457 | Lair:4   | Received a gift from Nemelex Xobeh
 16503 | Lair:5   | Reached skill level 17 in Unarmed Combat
 16510 | Lair:5   | Received a gift from Nemelex Xobeh
 16794 | Lair:5   | Reached skill level 10 in Fighting
 16861 | Lair:5   | Reached XP level 14. HP: 95/110 MP: 14/17
 16993 | Lair:5   | Found a viscous altar of Jiyva.
 16994 | Lair:5   | Found a staircase to the Slime Pits.
 17299 | Lair:5   | Reached skill level 5 in Armour
 17303 | Lair:5   | Received a gift from Nemelex Xobeh
 17941 | Lair:6   | Entered Level 6 of the Lair of Beasts
 18009 | Lair:6   | Reached skill level 18 in Unarmed Combat
 18243 | Lair:6   | Received a gift from Nemelex Xobeh
 18389 | Lair:6   | Identified the amulet "Zocwa" {RegenMP rN+ Str-2 Int+4} (You found it on level 6 of the Lair of Beasts)
 18768 | Lair:6   | Reached ****** piety under Nemelex Xobeh
 18777 | Lair:6   | Received a gift from Nemelex Xobeh
 18794 | Lair:6   | Lost mutation: Scrolls take you longer to read. [potion of mutation]
 18794 | Lair:6   | Lost mutation: Your muscles are strong. (Str +2) [potion of mutation]
 18794 | Lair:6   | Gained mutation: Your mind is acute. (Int +2) [potion of mutation]
 18940 | Lair:6   | Noticed Nessos
 18955 | Lair:6   | Killed Nessos
 19132 | Lair:6   | Noticed Kirke
 19167 | Lair:6   | Noticed a sphinx
 19186 | Lair:5   | Killed Kirke
 19585 | Lair:1   | Learned a level 1 spell: Apportation
 19587 | Lair:1   | Learned a level 1 spell: Summon Butterflies
 19763 | D:13     | Lost mutation: Scrolls take you a little longer to read. [potion of mutation]
 19763 | D:13     | Lost mutation: You are partially covered in slimy green scales. (AC +2) [potion of mutation]
 19763 | D:13     | Gained mutation: You are partially covered in icy blue scales. (AC +2) [potion of mutation]
 19763 | D:13     | Gained mutation: You are agile. (Dex +2) [potion of mutation]
 19763 | D:13     | Gained mutation: You have a pair of horns on your head. [potion of mutation]
 19876 | D:13     | Found Wumaheoss's Magic Scroll Emporium.
 19885 | D:13     | Bought a scroll of enchant armour for 127 gold pieces
 19885 | D:13     | Bought a scroll of blinking for 127 gold pieces
 19988 | D:13     | Reached skill level 1 in Spellcasting
 20106 | D:13     | Reached XP level 15. HP: 122/122 MP: 18/18
 20136 | D:13     | Got a clouded ruby amulet
 20137 | D:13     | Identified the amulet of the Assorted Lies {Reflect +Fly SH+3 SInv} (You found it on level 13 of the Dungeon)
 20149 | D:13     | Received a gift from Nemelex Xobeh
 20500 | D:14     | Reached skill level 19 in Unarmed Combat
 20798 | D:14     | Found a glowing silver altar of Zin.
 20825 | D:14     | Reached skill level 1 in Summonings
 20832 | D:14     | Received a gift from Nemelex Xobeh
 20837 | D:14     | Reached skill level 1 in Translocations
 21099 | D:14     | Noticed Roxanne
 21127 | D:14     | Killed Roxanne
 21161 | D:14     | Found a gate to the Vaults.
 21482 | D:15     | Entered Level 15 of the Dungeon
 21499 | D:14     | Reached skill level 20 in Unarmed Combat
 21575 | D:15     | Found Ruroc's Assorted Antiques.
 21583 | D:15     | Bought a shiny ivory wand for 84 gold pieces
 21583 | D:15     | Bought a scroll of blinking for 157 gold pieces
 21628 | D:15     | Noticed Agnes
 21635 | D:15     | Killed Agnes
 21815 | D:15     | Found a staircase to the Depths.
 21964 | D:15     | Received a gift from Nemelex Xobeh
 22019 | D:15     | Noticed Louise
 22287 | D:15     | Killed Louise
 22287 | D:15     | Reached XP level 16. HP: 75/131 MP: 19/19
 22896 | Orc:1    | Entered Level 1 of the Orcish Mines
 23082 | Orc:1    | Reached skill level 5 in Evocations
 23110 | Orc:1    | Reached skill level 15 in Dodging
 23170 | Orc:1    | Noticed 1player's ghost (journeyman MiBe)
 23193 | Orc:1    | Killed 1player's ghost
 23230 | Orc:1    | Received a gift from Nemelex Xobeh
 23447 | Orc:2    | Entered Level 2 of the Orcish Mines
 23482 | Orc:2    | Found a roughly hewn altar of Beogh.
 23557 | Orc:2    | Received a gift from Nemelex Xobeh
 23638 | Orc:2    | Found a staircase to the Elven Halls.
 23834 | Orc:2    | Found Isaoq's Distillery.
 23838 | Orc:2    | Found Obreobb's Food Shop.
 24069 | Orc:2    | Received a gift from Nemelex Xobeh
 24500 | Orc:2    | Bought a potion of heal wounds for 65 gold pieces
 24500 | Orc:2    | Bought a potion of haste for 130 gold pieces
 24953 | Orc:2    | Found Taupupi's Gadget Shoppe.
 24953 | Orc:2    | Found a one-way gate leading to the halls of Pandemonium.
 24953 | Orc:2    | Found Jegeh's Antique Weapon Emporium.
 25173 | Depths:1 | Entered Level 1 of the Depths
 25194 | Depths:1 | Reached skill level 21 in Unarmed Combat
 25226 | Depths:1 | Found a snail-covered altar of Cheibriados.
 25312 | Depths:1 | Reached skill level 15 in Fighting
 25585 | Depths:1 | Got a crude bronze ring
 25710 | Depths:1 | Reached XP level 17. HP: 142/142 MP: 20/20
 25711 | Depths:1 | Identified the ring of Nackapp {rN+++ MR+ Str+3 Int+4 Dex-3} (You found it on level 1 of the Depths)
 25950 | Depths:1 | Found Aqaunge's Gadget Boutique.
 25951 | Depths:1 | Found Amecis's Jewellery Shoppe.
 25951 | Depths:1 | Found Qug Lole's Jewellery Shoppe.
 25963 | Depths:1 | Bought a cursed amulet of inaccuracy for 34 gold pieces
 25987 | Depths:1 | Noticed Liquorice's ghost (adept MfGl)
 26020 | Depths:1 | Killed Liquorice's ghost
 26326 | Depths:1 | Found a gateway to Hell.
 26431 | Depths:2 | Received a gift from Nemelex Xobeh
 26454 | Depths:2 | Reached skill level 22 in Unarmed Combat
 26756 | Depths:2 | Noticed an Executioner
 27358 | Snake:1  | Entered Level 1 of the Snake Pit
 27358 | Snake:1  | Noticed Donald
 27634 | Elf:1    | Entered Level 1 of the Elven Halls
 27665 | Elf:1    | Noticed Asterion
 27678 | Elf:1    | Killed Asterion
 27893 | Elf:1    | Found Serhigh's One-of-a-Kind Books.
 28049 | Elf:1    | Reached skill level 23 in Unarmed Combat
 28157 | Elf:1    | Received a gift from Nemelex Xobeh
 28383 | Elf:1    | Identified Mihymp's Disquisition on Combat Magic and the Entourage
 28551 | Elf:1    | Found a roughly hewn altar of Beogh.
 28586 | Elf:1    | Reached XP level 18. HP: 97/149 MP: 22/22
 29371 | Elf:2    | Found Deadgh's Gadget Emporium.
 29382 | Elf:2    | Received a gift from Nemelex Xobeh
 29651 | Elf:2    | Found a runed gate.
 29651 | Elf:2    | Found a runed gate.
 29651 | Elf:2    | Found a runed gate.
 29728 | Elf:2    | Got a bronze ring mail
 29739 | Elf:2    | Identified the +4 ring mail of the Maze {rElec rC- Int+5} (You found it on level 2 of the Elven Halls)
 30283 | Elf:2    | Received a gift from Nemelex Xobeh
 30675 | Elf:3    | Entered Level 3 of the Elven Halls
 30866 | Elf:3    | Received a gift from Nemelex Xobeh
 31513 | Elf:3    | Noticed a deep elf master archer
 31759 | Elf:3    | Killed a deep elf master archer
 31771 | Elf:3    | Noticed a deep elf master archer
 31788 | Elf:3    | Noticed a Brimstone Fiend
 31981 | Elf:3    | Reached skill level 10 in Invocations
 32019 | Elf:3    | Reached XP level 19. HP: 154/157 MP: 23/23
 32263 | Elf:3    | Noticed an Ice Fiend
 32957 | Elf:3    | Identified Sif Muna's Grimoire of the Voyage and Combat Magic
 34020 | Snake:1  | Killed Donald
 34214 | Snake:1  | Identified the Incunabulum of Entrancing Stolen Souls
 35176 | Snake:2  | Received a gift from Nemelex Xobeh
 36098 | Snake:3  | Reached XP level 20. HP: 138/170 MP: 24/24
 36427 | Snake:2  | Slain by a nagaraja

Skill      XL: |  1  2  3  4  5  6  7  8  9 10 11 12 13 14 15 16 17 18 19 |
---------------+----------------------------------------------------------+-----
Fighting       | 4 5 7 10 12 13 15 16 18 | 18.0
Unarmed Combat | 4 5 6 7 9 12 14 16 17 18 20 21 23 | 23.9
Dodging        | 5 6 8 9 11 12 13 14 15 18 | 18.0
Armour         | 2 3 4 5 6 |  6.0
Invocations    | 5 6 7 8 10 | 10.0
Evocations     | 3 4 5 6 8 |  8.0
Spellcasting   | 1 2 |  2.0
Summonings     | 1 |  1.0
Translocations | 1 |  1.0
Stealth        | |  2.1

Action                   |  1- 3 |  4- 6 |  7- 9 | 10-12 | 13-15 | 16-18 | 19-21 || total
-------------------------+-------+-------+-------+-------+-------+-------+-------++-------
Melee: Unarmed           |   127 |   311 |   344 |   559 |  1388 |  1315 |   521 ||  4565
       Punch             |     2 |     8 |    15 |    47 |   161 |   153 |    61 ||   447
       Headbutt          |       |       |       |    43 |   341 |   276 |   116 ||   776
 Fire: Hunting sling     |       |    75 |    88 |   164 |    99 |     2 |       ||   428
 Cast: Apportation       |       |       |       |       |       |     1 |       ||     1
       Summon Butterflie |       |       |       |       |       |     1 |       ||     1
Invok: Triple Draw       |       |       |       |     1 |       |     1 |       ||     2
       Stack Five        |       |       |       |       |     1 |     3 |     1 ||     5
Evoke: Wand              |       |     4 |     5 |     7 |     7 |    12 |     3 ||    38
       Deck              |       |       |    15 |    41 |    22 |    48 |     5 ||   131
       Lightning rod     |       |       |       |     4 |       |     7 |     5 ||    16
       Fan of gales      |       |       |       |       |       |       |     1 ||     1
       Box of beasts     |       |       |       |       |       |       |     1 ||     1
  Use: Potion            |     3 |     1 |     2 |    13 |     6 |     8 |     2 ||    35
       Scroll            |     2 |     5 |     5 |    18 |     8 |    15 |    11 ||    64
 Stab: Sleeping          |     4 |     1 |       |     3 |     1 |     2 |     2 ||    13
       Distracted        |       |       |     2 |     3 |    11 |    12 |     1 ||    29
       Paralysed         |       |       |       |    13 |       |       |       ||    13
       Petrified         |       |       |       |       |    23 |       |       ||    23
       Petrifying        |       |       |       |       |     3 |       |       ||     3
  Eat: Chunk             |     2 |     7 |     8 |    34 |    12 |    21 |     5 ||    89
       Ration            |       |       |     3 |       |     3 |     3 |     2 ||    11
Armor: Robe              |     3 |       |       |       |       |       |       ||     3
       Leather armour    |    11 |    56 |       |       |       |       |       ||    67
       Ring mail         |       |       |    63 |    25 |       |       |       ||    88
       Troll leather arm |       |       |       |   120 |   265 |   216 |    72 ||   673
Dodge: Dodged            |    78 |   218 |   204 |   333 |   954 |   808 |   338 ||  2933
Block: Other             |       |       |       |       |    25 |   104 |    32 ||   161
       Reflection        |       |       |       |       |     3 |     6 |     3 ||    12
